 Dungeon Crawl Stone Soup version 0.26-a0-690-gcb57259078 (webtiles) character file.

Game seed: 16831730581033270738

43673 Baz the Fighter (level 14, -8/77 HPs)
             Began as a Vine Stalker Brigand on Oct 24, 2020.
             Was the Champion of Kikubaaqudgha.
             Killed from afar by an orc sorcerer (36 damage)
             ... with a bolt of negative energy
             ... led by an orc warlord
             ... on level 2 of the Orcish Mines.
             The game lasted 01:23:47 (22136 turns).

Baz the Fighter (Vine Stalker Brigand)             Turns: 22136, Time: 01:23:47

Health: -8/77      AC:  7    Str: 15    XL:     14   Next: 25%
Magic:  0/19       EV: 16    Int: 20    God:    Kikubaaqudgha [******]
Gold:   1833       SH:  6    Dex: 18    Spells: 3/19 levels left

rFire    . . .     SeeInvis .   E - +1 dagger (venom)
rCold    + . .     Faith    +   x - +0 buckler
rNeg     . . .     Spirit   +   S - +2 robe {MR+}
rPois    .         Reflect  .   n - +0 helmet {Int+3}
rElec    .         Harm     .   c - +0 cloak
rCorr    .         Rampage  .   p - +0 pair of gloves
MR       ++...                  (no boots)
Stlth    ++........             t - amulet of faith
HPRegen  1.02/turn              k - +6 ring of intelligence
MPRegen  0.16/turn              H - ring of protection from cold

@: liquid flames, glowing, drained
A: fangs 3, dopey 1, regeneration 2, magic shield, antimagic bite, no potion
heal 3, rot immunity
a: Receive Corpses, Torment, Brand Weapon With Pain, Receive Necronomicon,
Renounce Religion


You were on level 2 of the Orcish Mines.
You worshipped Kikubaaqudgha.
Kikubaaqudgha was exalted by your worship.
You visited 4 branches of the dungeon, and saw 20 of its levels.

You collected 1833 gold pieces.

Inventory:

Hand Weapons
 E - a +1 dagger of venom (weapon)
 P - a +3 dagger
Missiles
 d - 95 poisoned darts (quivered)
 e - 7 curare-tipped darts
Armour
 c - a +0 cloak (worn)
 l - the +18 shield of the Gong {rElec rN+ MR+ EV-5}
   (You found it on level 11 of the Dungeon)

   It affects your evasion (-5).
   It insulates you from electricity.
   It protects you from negative energy.
   It affects your resistance to hostile enchantments.
 n - a +0 helmet of intelligence (worn)
 p - a +0 pair of gloves (worn)
 x - a +0 buckler (worn)
 S - a +2 robe of magic resistance (worn)
 W - +0 steam dragon scales
 Z - a +0 troll leather armour
Magical Staves
 v - an uncursed staff of earth
Jewellery
 b - a cursed amulet of inaccuracy {unknown}
 f - an uncursed ring of protection from magic
 k - a +6 ring of intelligence (left hand)
 t - an amulet of faith (around neck)
 H - a ring of protection from cold (right hand)
 N - an uncursed ring of protection from fire {unknown}
 X - an uncursed ring of stealth
Wands
 j - a wand of disintegration (9)
 B - a wand of flame (13)
 K - a wand of paralysis (15)
 L - a wand of iceblast (9)
 U - a wand of random effects (9)
Scrolls
 m - 3 scrolls of magic mapping
 r - 3 scrolls of immolation
 w - a scroll of fog
 y - 3 scrolls of enchant armour
 F - 5 scrolls of amnesia
 I - 8 scrolls of remove curse
 M - a scroll of torment {unknown}
 R - 2 scrolls of enchant weapon
 V - a scroll of fear
 Y - a scroll of summoning
Potions
 a - 2 potions of haste
 h - 3 potions of curing
 i - a potion of cancellation
 o - 3 potions of flight
 q - 6 potions of degeneration
 s - 2 potions of might
 u - 3 potions of brilliance
 z - 3 potions of stabbing
 C - a potion of magic
 D - 3 potions of heal wounds {unknown}
 G - 3 potions of lignification {unknown}
 J - 3 potions of resistance
 O - a potion of mutation {unknown}
 Q - a potion of berserk rage {unknown}
Miscellaneous
 T - a condenser vane (2/2)


   Skills:
 + Level 10.6(9.7) Fighting
 - Level 10.0(9.1) Short Blades
 - Level 2.2(1.5) Throwing
 - Level 6.3(5.5) Dodging
 - Level 10.0(9.1) Stealth
 * Level 8.2(7.4) Shields
 - Level 3.3(2.6) Spellcasting
 + Level 8.2(7.4) Hexes
 + Level 10.0(9.1) Necromancy
 - Level 2.3(1.7) Translocations


You had 3 spell levels left.
You knew the following spells:

 Your Spells              Type           Power        Failure   Level
a - Dazzling Flash        Conj/Hex       ###...       10%         3
b - Animate Skeleton      Necr           #####.       1%          1
c - Apportation           Tloc           #.....       8%          1
d - Blink                 Tloc           N/A          11%         2
e - Excruciating Wounds   Necr           #####.....   10%         5
f - Animate Dead          Necr           #####.....   3%          4

Your spell library contained the following spells:

 Spells                   Type           Power        Failure   Level
 Corona                   Hex            ####...      1%          1
 Pain                     Necr           ####         1%          1
 Slow                     Hex            ####....     1%          2
 Sublimation of Blood     Necr           #####.....   1%          2
 Vampiric Draining        Necr           #####.....   1%          3
 Summon Guardian Golem    Hex/Summ       ###.....     10%         3
 Foxfire                  Conj/Fire      #...         16%         1
 Magic Dart               Conj           #...         16%         1
 Shock                    Conj/Air       #...         16%         1
 Summon Small Mammal      Summ           #...         16%         1
 Call Imp                 Summ           #.......     22%         2
 Searing Ray              Conj           #.....       22%         2
 Swiftness                Air            #.......     22%         2
 Call Canine Familiar     Summ           #.......     41%         3
 Conjure Flame            Conj/Fire      #.......     41%         3
 Mephitic Cloud           Conj/Pois/Air  #.......     41%         3
 Static Discharge         Conj/Air       #.......     41%         3
 Dispel Undead            Necr           #####...     3%          4
 Cause Fear               Hex            ####......   7%          4
 Agony                    Necr           #####...     10%         5
 Fulminant Prism          Conj/Hex       ###.......   32%         4
 Iskenderun's Mystic Bla  Conj/Tloc      #.......     71%         4
 Airstrike                Air            #.........   83%         4
 Summon Ice Beast         Ice/Summ       #.......     83%         4
 Summon Lightning Spire   Summ/Air       #.......     83%         4
 Simulacrum               Ice/Necr       ###.......   98%         6
 Lightning Bolt           Conj/Air       #.........   99%         5
 Dragon Form              Tmut           #.........   100%        7
 Dragon's Call            Summ           #.........   100%        9


Dungeon Overview and Level Annotations

Branches:
Dungeon (11/15)            Temple (1/1) D:6            Lair (6/6) D:9
 Shoals (0/4) Lair:3       Spider (0/4) Lair:3        Slime (0/5) Lair:5
    Orc (2/2) D:9
    Elf: Orc:2

Altars:
Ashenzari
Cheibriados
Dithmenos
Elyvilon
Fedhas
Gozag
Hepliaklqana
Kikubaaqudgha
Makhleb
Nemelex Xobeh
Okawaru
Qazlal
Ru
Sif Muna
Trog
Uskayaw
Vehumet
Wu Jian
Xom
Yredelemnul
Zin
The Shining One

Shops:
D:5 :   Orc:1 (

Annotations:
Lair:4 Snorg
Orc:2 Azrael


Innate Abilities, Weirdness & Mutations

You have razor-sharp teeth.
You heal very quickly.
When hurt, damage is shared between your health and your magic reserves.
Your bite disrupts and absorbs the magic of your enemies.
Potions cannot restore your health.
You are immune to rotting.
You are dopey. (Int -2)


Message History

The orc sorcerer casts a spell.
You hit the orc sorcerer but do no damage.
The orc sorcerer is poisoned.
Your bite misses the orc sorcerer. The orc sorcerer casts a spell at you.
The bolt of fire misses you. The orc sorcerer barely misses you.
You block the soul eater's attack. The orc sorcerer closely misses you.
The soul eater completely misses you. Azrael gestures at you.
The sphere of damnation explodes!
The damnation engulfs you!!
The orc sorcerer points at you and mumbles some strange words.
The bolt of fire hits you!! Azrael gestures at you. The sticky flame hits you!
You are covered in liquid flames!
You are covered in liquid flames!
The orc sorcerer casts a spell at you. The bolt of negative energy hits you!!!
You feel drained.
You die...
Kikubaaqudgha rasps: "You have failed me!
Welcome... death!"

.....°........##...).........#.#
....○..........#................#
...#...........................##
................................
...................[..........
..............#.#....$........
...................#.$[.......
........#............<$.......
.......#......3.@.........#...
..........○R.o................
...........................<##
........#.#...###...##....###
############### ###########


You could see Azrael, a soul eater (summoned) and an orc sorcerer (poisoned).

Vanquished Creatures
  Donald (Orc:2)
  An orc warlord (D:9)
  A boulder beetle (Lair:6)
  4 hydras
  A centaur warrior (D:11)
  A two-headed ogre (D:9)
  An orc high priest (Orc:1)
  An unseen horror (D:11)
  3 orc knights
  A necromancer (Lair:4)
  2 orc sorcerers
  2 ugly things (D:11)
  3 cyclopes
  5 elephants
  Maurice (D:9)
  5 cane toads
  A torpor snail (Lair:5)
  2 kobold demonologists (D:11)
  4 komodo dragons
  4 trolls
  2 jumping spiders (Lair:3)
  2 polar bears
  7 blink frogs
  Prince Ribbit (D:7)
  A dream sheep (Lair:6)
  2 hornets
  A slime creature (Lair:4)
  2 redbacks (Lair:3)
  2 shadows (D:11)
  A snapping turtle (Lair:3)
  6 spriggans
  34 yaks
  3 basilisks
  3 wyverns
  3 fire elementals
  2 steam dragons
  4 wargs (D:9)
  4 hell hounds (Orc:2)
  14 water moccasins
  24 orc warriors
  2 black bears
  An eye of draining (D:11)
  A necrophage (D:7)
  An ice beast (D:11)
  3 sky beasts
  2 boggarts (Lair:6)
  11 ogres
  22 wolves
  4 centaurs
  6 bullfrogs
  A scorpion (D:8)
  17 killer bees
  5 wights (D:10)
  8 electric eels
  5 howler monkeys
  6 jellies
  A quasit (D:10)
  3 centaur zombies
  2 bullfrog skeletons
  13 orc priests
  4 hounds
  16 orc wizards
  A centaur skeleton (D:11)
  6 iguanas
  2 hell rats (Lair:6)
  9 worker ants
  2 yak simulacra (Lair:4)
  5 polar bear simulacra (Lair:4)
  3 wolf simulacra (Lair:4)
  A hound skeleton (D:5)
  A worker ant zombie (D:10)
  6 gnolls
  A howler monkey skeleton (D:10)
  11 river rats (Lair:6)
  10 adders
  2 shadow imps
  2 white imps
  2 ufetubi
  A worm (D:3)
  2 dart slugs
  4 leopard geckos
  75 orcs
  5 bats
  A giant cockroach (D:1)
  5 goblins
  9 hobgoblins
  8 jackals
  5 quokkas
  4 frilled lizards
  5 kobolds
  A leopard gecko skeleton (D:6)
  2 rats
  A river rat simulacrum (Lair:4)
488 creatures vanquished.

Vanquished Creatures (collateral kills)
  A blink frog (Lair:6)
  Grum (D:8)
  2 wolves
  An orc (Orc:2)
  A kobold (D:11)
  A spectral orc (D:9)
7 creatures vanquished.

Vanquished Creatures (others)
  An adder (D:9)
  2 orcs
  22 fungi
  46 plants
71 creatures vanquished.

Grand Total: 566 creatures vanquished

Notes
Turn   | Place    | Note
-------+----------+-------------------------------------------
     0 | D:1      | Baz the Vine Stalker Brigand began the quest for the Orb.
     0 | D:1      | Reached XP level 1. HP: 11/11 MP: 2/2
    55 | D:1      | Reached skill level 1 in Dodging
    55 | D:1      | Reached XP level 2. HP: 7/15 MP: 3/3
   350 | D:1      | Reached skill level 5 in Stealth
   879 | D:1      | Reached XP level 3. HP: 12/18 MP: 2/4
  1392 | D:2      | Noticed a black bear
  1443 | D:2      | Found a sparkling altar of Nemelex Xobeh.
  1655 | D:3      | Gained mutation: Your natural rate of healing is unusually
                  | fast. [Vine Stalker growth]
  1655 | D:3      | Reached XP level 4. HP: 16/23 MP: 5/5
  2014 | D:3      | Reached XP level 5. HP: 10/27 MP: 1/6
  3030 | D:4      | Found a hide-covered altar of Uskayaw.
  3073 | D:4      | Noticed an ogre
  3099 | D:4      | Killed an ogre
  3099 | D:4      | Reached XP level 6. HP: 31/32 MP: 7/7
  3229 | D:5      | Entered Level 5 of the Dungeon
  3437 | D:5      | Found a glowing golden altar of the Shining One.
  3551 | D:5      | Reached XP level 7. HP: 33/36 MP: 8/8
  3585 | D:5      | Found Moafimiv's Book Shop.
  3603 | D:5      | Learned a level 3 spell: Dazzling Flash
  3689 | D:5      | Found a burning altar of Makhleb.
  3878 | D:5      | Reached skill level 1 in Hexes
  4357 | D:5      | Found a shimmering blue altar of Sif Muna.
  4536 | D:5      | Found a blossoming altar of Fedhas.
  4636 | D:6      | Found a staircase to the Ecumenical Temple.
  4679 | Temple   | Entered the Ecumenical Temple
  4688 | Temple   | Became a worshipper of Kikubaaqudgha
  4826 | D:6      | Gained mutation: You have razor-sharp teeth. [Vine Stalker
                  | growth]
  4826 | D:6      | Reached XP level 8. HP: 7/42 MP: 1/9
  6004 | D:7      | Found a white marble altar of Elyvilon.
  6004 | D:7      | Found a snail-covered altar of Cheibriados.
  6004 | D:7      | Noticed Prince Ribbit
  6009 | D:7      | Killed Prince Ribbit
  6036 | D:7      | Reached XP level 9. HP: 46/46 MP: 10/10
  6060 | D:7      | Found a broken altar of Ashenzari.
  6760 | D:8      | Reached skill level 10 in Stealth
  6773 | D:8      | Reached skill level 5 in Fighting
  6867 | D:8      | Noticed a troll
  6872 | D:8      | Reached skill level 5 in Short Blades
  6872 | D:8      | Noticed Grum
  7039 | D:8      | Reached * piety under Kikubaaqudgha
  7039 | D:8      | Identified Kikubaaqudgha's Incunabulum of Stolen Souls
                  | (Kikubaaqudgha gifted it to you on level 8 of the Dungeon)
  7039 | D:8      | Received a gift from Kikubaaqudgha
  7196 | D:8      | Learned a level 1 spell: Animate Skeleton
  7522 | D:8      | Reached skill level 5 in Dodging
  7620 | D:8      | Reached skill level 1 in Necromancy
  7717 | D:8      | Killed a troll
  7848 | D:7      | Reached XP level 10. HP: 26/53 MP: 5/11
  7909 | D:8      | Killed Grum
  8054 | D:8      | Found an ornate altar of the Wu Jian Council.
  8177 | D:9      | Reached skill level 5 in Hexes
  8252 | D:9      | Reached ** piety under Kikubaaqudgha
  8385 | D:9      | Found a staircase to the Orcish Mines.
  9314 | D:9      | HP: 1/53 [warg (9)]
  9342 | D:9      | Found a staircase to the Lair.
  9581 | D:9      | Reached *** piety under Kikubaaqudgha
  9581 | D:9      | Identified Kikubaaqudgha's Tome of Darkness (Kikubaaqudgha
                  | gifted it to you on level 9 of the Dungeon)
  9581 | D:9      | Received a gift from Kikubaaqudgha
  9755 | D:9      | Found a basalt altar of Yredelemnul.
 10169 | D:9      | Noticed Maurice
 10170 | D:9      | Killed Maurice
 10291 | Orc:1    | Entered Level 1 of the Orcish Mines
 10291 | Orc:1    | Noticed a cyclops
 10291 | Orc:1    | Noticed an orc knight
 10522 | D:9      | Killed an orc knight
 10522 | D:9      | Reached XP level 11. HP: 58/58 MP: 7/12
 10584 | Lair:1   | Entered Level 1 of the Lair of Beasts
 10624 | Lair:1   | Learned a level 1 spell: Apportation
 10762 | Lair:1   | Reached skill level 1 in Shields
 11166 | Lair:1   | Reached skill level 5 in Necromancy
 12188 | Lair:2   | Noticed a six-headed hydra
 12275 | Lair:3   | Noticed a five-headed hydra
 12331 | Lair:3   | Killed a five-headed hydra
 12494 | Lair:3   | Learned a level 2 spell: Blink
 12692 | Lair:3   | Found a staircase to the Shoals.
 12996 | Lair:2   | Reached skill level 1 in Spellcasting
 13130 | Lair:3   | Reached **** piety under Kikubaaqudgha
 13195 | Lair:3   | Learned a level 5 spell: Excruciating Wounds
 13423 | Lair:3   | Found a hole to the Spider Nest.
 13434 | Lair:3   | Gained mutation: You heal very quickly. [Vine Stalker
                  | growth]
 13434 | Lair:3   | Reached XP level 12. HP: 64/64 MP: 16/16
 13788 | Lair:4   | Noticed an eight-headed hydra
 13972 | Lair:4   | Noticed Snorg
 14255 | Lair:4   | Learned a level 4 spell: Animate Dead
 14376 | Lair:4   | Killed an eight-headed hydra
 14376 | Lair:4   | Reached skill level 1 in Translocations
 15235 | Lair:5   | Noticed an eight-headed hydra
 15243 | Lair:5   | Noticed a four-headed hydra
 15255 | Lair:5   | Killed a four-headed hydra
 15313 | Lair:4   | Reached ***** piety under Kikubaaqudgha
 15688 | Lair:5   | Reached skill level 5 in Shields
 16193 | Lair:5   | Found a staircase to the Slime Pits.
 16448 | Lair:6   | Entered Level 6 of the Lair of Beasts
 16449 | Lair:6   | Noticed a boulder beetle
 16470 | Lair:6   | Killed a boulder beetle
 16483 | Lair:6   | Reached XP level 13. HP: 70/70 MP: 18/18
 17170 | Lair:6   | Paralysed by a hornet for 1 turns
 18746 | Orc:1    | Found Ijirad's Antique Weapon Boutique.
 18809 | Orc:1    | Found a shimmering altar of Xom.
 19068 | Orc:2    | Entered Level 2 of the Orcish Mines
 19094 | Orc:2    | Noticed Donald
 19216 | Orc:2    | Killed Donald
 19234 | Orc:2    | Noticed an orc warlord
 19523 | D:9      | Killed an orc warlord
 19523 | D:9      | Reached skill level 10 in Fighting
 19563 | D:10     | Entered Level 10 of the Dungeon
 19693 | D:10     | Reached skill level 10 in Short Blades
 19836 | D:10     | Reached ****** piety under Kikubaaqudgha
 20248 | D:10     | You fall into a shaft and drop 1 floor!
 20479 | D:11     | Reached XP level 14. HP: 50/77 MP: 14/19
 20603 | D:11     | Found the +18 shield of the Gong {rElec rN+ MR+ EV-5}
 21649 | Orc:2    | Noticed Azrael
 21696 | Orc:1    | HP: 3/77 [orc sorcerer/bolt of fire (16)]
 21699 | Orc:1    | Gained mutation: You are dopey. (Int -2) [a neqoxec]
 21762 | Orc:1    | Reached skill level 10 in Necromancy
 21783 | Orc:1    | HP: 3/77 [poisoned by an orange demon]
 22136 | Orc:2    | Killed from afar by an orc sorcerer

Illustrated notes

Levels and vault maps discovered:
D:1:      mrwooster_arrival_statue, layout_basic
D:2:      layout_basic, nicolae_overflow_crystal_walls
D:3:      layout_basic
D:4:      layout_gridville, kennysheep_mini_moat, serial_bayou_ford_a
D:5:      layout_basic, lemuel_doored_altar, tso_altar, led_sif_pool,
          serial_shops, nicolae_shop_trees, fedhas_altar_fruit_tree
D:6:      layout_basic, minmay_temple_entry_sparse_star, serial_glass,
          glass_columns_b, glass_columns_b, serial_bayou_lagoon_b
D:7:      layout_loops_corners, evilmike_ruin_ashenzari,
          amethyst_overflow_temple_binary, minivault_25, uniq_prince_ribbit1
D:8:      layout_cave_pools, marbit_many_paths, uniq_grum
D:9:      layout_irregular_city, yredelemnul_forgotten_temple_becter,
          erik_lair_orcish_takeover, hiddenorc1_lemuel, uniq_maurice
D:10:     layout_rooms, minmay_crystal_room
D:11:     layout_layer_cave, kennysheep_generic_room_10
Temple:   nicolae_temple_no_exploring_needed
Lair:1:   layout_regular_city, serial_forest, infiniplex_forest_end_3,
          infiniplex_forest_clump_tiny, infiniplex_forest_clump_tiny,
          infiniplex_forest_side_room, infiniplex_forest_clump_long,
          infiniplex_forest_end_1, infiniplex_forest_clump_small
Lair:2:   minmay_guarded_unrand_snakebite, layout_hall_layers, basic_altar
Lair:3:   layout_regular_city, minmay_shoals_entry_hut,
          spider_nest_entry_funnel_web
Lair:4:   layout_regular_city, eino_house_with_fridge, uniq_snorg
Lair:5:   layout_loops_ring, minmay_slime_entry_pillars, serial_bayou_pond_a,
          infiniplex_staircase_pool
Lair:6:   minmay_lair_end_enchanted_forest, layout_loops_ring,
          kennysheep_rathole
Orc:1:    layout_caves, basic_altar, serial_shops, shop, enter_bailey_8
Orc:2:    st_orc_elflike, layout_caves, uniq_donald, uniq_azrael

Skill      XL: |  1  2  3  4  5  6  7  8  9 10 11 12 13 14 |
---------------+-------------------------------------------+-----
Dodging        | 1 2 3 4 5 6 |  6.3
Stealth        | 5 6 7 9 10 | 10.0
Fighting       | 2 3 4 5 6 7 9 10 | 10.6
Short Blades   | 2 3 4 5 6 7 9 10 | 10.0
Throwing       | 2 |  2.2
Hexes          | 1 3 4 6 7 8 |  8.2
Necromancy     | 2 4 6 7 9 10 | 10.0
Shields        | 3 5 7 8 |  8.2
Spellcasting   | 2 3 |  3.3
Translocations | 2 |  2.3

Action                   |  1- 3 |  4- 6 |  7- 9 | 10-12 | 13-15 || total
-------------------------+-------+-------+-------+-------+-------++-------
Melee: Dagger            |    76 |   125 |   321 |   826 |  1019 ||  2367
       Bite              |    17 |    41 |   106 |   347 |   368 ||   879
Throw: Dart              |       |    23 |    28 |    18 |     1 ||    70
 Cast: Dazzling Flash    |       |       |     1 |    44 |    26 ||    71
       Animate Skeleton  |       |       |       |    15 |       ||    15
       Excruciating Woun |       |       |       |     1 |    13 ||    14
       Animate Dead      |       |       |       |       |    17 ||    17
       Blink             |       |       |       |       |     6 ||     6
Evoke: Wand              |       |       |    11 |     6 |     1 ||    18
       Condenser vane    |       |       |       |       |     1 ||     1
  Use: Scroll            |       |     7 |    11 |     5 |    11 ||    34
       Potion            |       |       |       |       |     1 ||     1
 Stab: Sleeping          |     9 |     3 |    10 |    16 |    11 ||    49
       Distracted        |       |       |       |     3 |     2 ||     5
       Invisible         |       |       |       |    18 |    14 ||    32
       Confused          |       |       |       |       |     4 ||     4
Armor: Robe              |    10 |    11 |    39 |    84 |    91 ||   235
Dodge: Dodged            |    33 |    62 |   210 |   568 |   523 ||  1396
Block: Buckler           |       |       |       |    82 |   230 ||   312

Table legend: (Time is in decaauts)
 A = Elapsed time spent in this place.
 B = Non-inter-level travel time spent in this place.
 C = Inter-level travel time spent in this place.
 D = Time resting spent in this place.
 E = Time spent auto-exploring this place.
 F = Levels seen in this place.
 G = Mean time per level.
                   A        B        C        D        E       F      G
               +--------+--------+--------+--------+--------+-----+--------+
         Total |  21322 |  20421 |    901 |   5123 |   7765 |  20 | 1066.1 |
       Dungeon |  13474 |  12866 |    608 |   3548 |   4804 |  11 | 1224.9 |
        Temple |     16 |      9 |      7 |      0 |      0 |   1 |   16.0 |
          Lair |   6621 |   6357 |    264 |   1433 |   2582 |   6 | 1103.5 |
  Orcish Mines |   1209 |   1188 |     21 |    142 |    379 |   2 |  604.5 |
               +--------+--------+--------+--------+--------+-----+--------+

Top non-repeatable levels by time:
     D:9: 3610 daAuts
  Lair:3: 1528 daAuts
  Lair:4: 1394 daAuts
     D:8: 1298 daAuts
  Lair:5: 1296 daAuts
     D:7: 1270 daAuts
  Lair:1: 1169 daAuts
     D:6: 1157 daAuts
     D:5: 1142 daAuts
     D:1: 1131 daAuts
     D:3: 977 daAuts
     D:4: 945 daAuts
    D:11: 812 daAuts
   Orc:1: 793 daAuts
    D:10: 764 daAuts
